 Dungeon Crawl Stone Soup version 0.30-a0-576-g89cddaab80 (webtiles) character file.

Game seed: 11003261785248406990

100 porpoise the Shooter (level 4, -10/27 HPs)
             Began as a Tengu Hexslinger on Dec 31, 2022.
             Mangled by an ice beast (14 damage)
             ... on level 6 of the Dungeon.
             The game lasted 00:07:44 (2156 turns).

porpoise the Shooter (Tengu Hexslinger)             Turns: 2156, Time: 00:07:44

Health: -10/27     AC:  3    Str: 10    XL:     4   Next: 73%
Magic:  6/6        EV: 12    Int: 14    God:
Gold:   25         SH:  0    Dex: 16    Spells: 4/5 levels left

rFire   . . .      SeeInvis .    a - +1 sling
rCold   . . .      Faith    .    (no shield)
rNeg    . . .      Spirit   .    r - +0 leather armour
rPois   +          Reflect  .    (helmet restricted)
rElec   .          Harm     .    (no cloak)
rCorr   .          Rampage  .    (no gloves)
Will    .....                    (boots unavailable)
Stlth   +                        u - amulet of the acrobat
HPRegen 0.24/turn                l - ring of poison resistance
MPRegen 0.10/turn                (no ring)

@: no status effects
A: beak, talons 3
a: no special abilities


You were on level 6 of the Dungeon.
You visited 1 branch of the dungeon, and saw 4 of its levels.

You collected 97 gold pieces.
You spent 72 gold pieces at shops.

Inventory:

Hand Weapons
 a - a +1 sling (weapon)
 b - a +2 dagger of speed
Armour
 r - a +0 leather armour (worn)
Jewellery
 l - a ring of poison resistance (left hand)
 u - an amulet of the acrobat (around neck)
Wands
 x - a wand of flame (17)
 y - a wand of roots (6)
Scrolls
 c - a scroll of teleportation {unknown}
 f - a scroll of poison
 g - 2 scrolls of identify {unknown}
 k - a scroll of blinking {unknown}
 m - a scroll of enchant weapon {unknown}
 n - a scroll of brand weapon {unknown}
 o - a scroll of immolation {unknown}
 q - 2 scrolls of magic mapping {unknown}
 t - a scroll of vulnerability {unknown}
 v - a scroll of silence {unknown}
Potions
 d - a potion of brilliance {unknown}
 e - a potion of might {unknown}
 h - 4 potions of curing {unknown}
 i - 2 potions of heal wounds {unknown}
 j - a potion of ambrosia {unknown}
 p - 2 potions of flight {unknown}
 s - a potion of haste {unknown}
 w - a potion of invisibility {unknown}


   Skills:
 + Level 2.5 Fighting
 * Level 4.4 Ranged Weapons
 - Level 2.1 Dodging
 - Level 1.0 Spellcasting
 - Level 2.1 Hexes


You had 4 spell levels left.
You knew the following spells:

 Your Spells              Type           Power      Damage    Failure   Level
a - Slow                  Hex            24%        N/A       14%         1

Your spell library contained the following spells:

 Spells                   Type           Power      Damage    Failure   Level
 Kiss of Death            Conj/Necr      0%         2d5       34%         1
 Sting                    Tmut/Pois      0%         1d3       34%         1
 Confusing Touch          Hex            6%         N/A       41%         3
 Poisonous Vapours        Pois/Air       0%         N/A       47%         2
 Inner Flame              Hex/Fire       3%         N/A       56%         3
 Portal Projectile        Hex/Tloc       6%         N/A       56%         3
 Cause Fear               Hex            3%         N/A       82%         4
 Dispel Undead            Necr           0%         3d6       98%         4
 Olgreb's Toxic Radiance  Pois           0%         N/A       98%         4


Dungeon Overview and Level Annotations

Branches:
Dungeon (3/15)

Altars:

Shops:
D:1 [   D:6 *


Innate Abilities, Weirdness & Mutations

You have a beak for a mouth.
You have claws for feet.


Message History

The sling bullet closely misses the ice beast.
You shoot a sling bullet.
The sling bullet hits the ice beast but does no damage.
You shoot a sling bullet.
The sling bullet hits the ice beast but does no damage.
You shoot a sling bullet. The sling bullet hits the ice beast.
The ice beast is moderately wounded.
The ice beast hits you but does no damage. x2
You shoot a sling bullet. The sling bullet hits the ice beast.
The ice beast is moderately wounded.
The ice beast hits you but does no damage.
You shoot a sling bullet. The sling bullet hits the ice beast.
The ice beast is heavily wounded.
The ice beast barely misses you.
You shoot a sling bullet.
The sling bullet hits the ice beast but does no damage.
The ice beast is moderately wounded.
The ice beast hits you. The ice beast freezes you!
You shoot a sling bullet.
The sling bullet closely misses the ice beast.
The ice beast closely misses you.
You shoot a sling bullet.
The sling bullet hits the ice beast but does no damage.
The ice beast is moderately wounded.
The ice beast barely misses you. The ice beast misses you.
You shoot a sling bullet. The sling bullet hits the ice beast.
The ice beast is heavily wounded.
The ice beast hits you. The ice beast freezes you!
* * * LOW HITPOINT WARNING * * *
You are too injured to fight recklessly!
Fire: a) +1 sling
Press: ? - help, Q - select action, (/) - cycle Shift-Dir - straight line, f/p - ice beast
Aim: an ice beast (heavily wounded, 62% to hit)
You shoot a sling bullet. The sling bullet hits the ice beast.
The ice beast is heavily wounded.
The ice beast hits you.
* * * LOW HITPOINT WARNING * * *
The ice beast freezes you!
Ouch! That really hurt!
You die...

...... ####.## ......
########..# #....
##........##
#.?..##.........#
##....#>.......## ####
##.....##........# #..##
.......##.......## ##...##
........##......## #.....#
...............Y@# #.....#
......#..........## #.....#
......#..##.......###.....#
........###....##.##......#
........# ###..##..#......#
........# ######.#.....##
.....[... #......## .......
##.##### ### ##.#


You could see an ice beast.

Vanquished Creatures
  2 adders (D:2)
  An ufetubus (D:6)
  A worm (D:3)
  3 dart slugs
  An orc (D:3)
  5 endoplasms
  3 giant cockroaches
  8 goblins
  4 hobgoblins
  12 jackals
  3 kobolds
  3 quokkas
  4 ball pythons
  4 bats
  A frilled lizard (D:3)
  2 rats
57 creatures vanquished.

Notes
Turn   | Place    | Note
-------+----------+-------------------------------------------
     0 | D:1      | porpoise the Tengu Hexslinger began the quest for the Orb.
     0 | D:1      | Reached XP level 1. HP: 12/12 MP: 3/3
   119 | D:1      | Found a faded altar of an unknown god.
   185 | D:1      | Reached XP level 2. HP: 16/16 MP: 4/4
   205 | D:1      | Reached skill level 3 in Ranged Weapons
   307 | D:1      | Found Mikuz's Armour Shoppe.
   558 | D:2      | Reached XP level 3. HP: 9/21 MP: 5/5
  1280 | D:2      | Reached XP level 4. HP: 10/26 MP: 6/6
  1281 | D:2      | Reached skill level 4 in Ranged Weapons
  1946 | D:3      | You fall into a shaft and drop 3 floors!
  1947 | D:6      | Found Pohos's Assorted Antiques.
  1953 | D:6      | Bought a blue potion for 23 gold pieces
  1953 | D:6      | Bought a scroll labelled GOJIH ALARAO for 26 gold pieces
  1953 | D:6      | Bought a green potion for 23 gold pieces
  2051 | D:6      | Noticed an ice beast
  2156 | D:6      | Mangled by an ice beast

Illustrated notes

Levels and vault maps discovered:
D:1:      minmay_arrival_five_plusses, layout_basic,
          dreamdust_ecumenical_altar_angels_and_demons, serial_shops,
          nicolae_shop_hallway_stairs
D:2:      layout_basic, minmay_domino_4
D:3:      layout_rooms
D:6:      layout_cave_pods, serial_shops, shop

Skill      XL: |  1  2  3  4 |
---------------+-------------+-----
Ranged Weapons | 3 4 |  4.4
Fighting       | 2 |  2.5
Dodging        | |  2.1
Spellcasting   | |  1.0
Hexes          | |  2.1

Action                   |  1- 3 |  4- 6 || total
-------------------------+-------+-------++-------
 Fire: Sling             |    73 |    95 ||   168
Armor: Robe              |     2 |       ||     2
       Leather armour    |     5 |    20 ||    25
Dodge: Dodged            |    16 |    32 ||    48

Table legend: (Time is in decaauts)
 A = Elapsed time spent in this place.
 B = Non-inter-level travel time spent in this place.
 C = Inter-level travel time spent in this place.
 D = Time resting spent in this place.
 E = Time spent auto-exploring this place.
 F = Levels seen in this place.
 G = Mean time per level.
                   A        B        C        D        E       F      G
               +--------+--------+--------+--------+--------+-----+--------+
         Total |   2195 |   2140 |     55 |    344 |   1271 |   4 |  548.8 |
       Dungeon |   2195 |   2140 |     55 |    344 |   1271 |   4 |  548.8 |
               +--------+--------+--------+--------+--------+-----+--------+

Top non-repeatable levels by time:
     D:2: 1099 daAuts
     D:1: 516 daAuts
     D:3: 365 daAuts
     D:6: 213 daAuts
